| TOP OF THE 1ST |
|
Hickory Crawdads batting - Pitching for Cedar Rapids Kernels : RHP Bill Rondeau
|
|
Pitching: RHP Bill Rondeau
|
|
|
Batting: LHB Sadamu Noguchi
|
0-0: Called Strike 0-1: Foul Ball, location: 2F 0-2: Ball 1-2: Ground out 6-3 (Groundball, 6, EV 85.0 MPH)
|
|
Batting: RHB Theo van Gent
|
0-0: Ball 1-0: Swinging Strike 1-1: Called Strike 1-2: Foul Ball, location: 2F 1-2: Ball 2-2: SINGLE (Groundball, 56D, EV 110.0 MPH)
|
|
Batting: RHB David Fernandez
|
0-0: Ball 1-0: Ball 2-0: Ball 3-0: Called Strike 3-1: Base on Balls Theo van Gent to second
|
|
Batting: RHB George King
|
0-0: Foul Ball, location: 2F 0-1: Ball 1-1: Ball 2-1: Ball 3-1: Base on Balls Theo van Gent to third David Fernandez to second
|
|
Batting: RHB Tim Adams
|
0-0: Called Strike 0-1: Foul Ball, location: 2F 0-2: Ball 1-2: Ball 2-2: Foul Ball, location: 2F 2-2: Grounds into double play, 5-4-3 (Groundball, 56D, EV 90.0 MPH)
|
| Top of the 1st over - 0 runs, 1 hit, 0 errors, 2 left on base; Hickory 0 - Cedar Rapids 0 |
| BOTTOM OF THE 1ST |
|
Cedar Rapids Kernels batting - Pitching for Hickory Crawdads : RHP Brian Bailes
|
|
Pitching: RHP Brian Bailes
|
|
|
Batting: RHB Mike Craver
|
0-0: Ball 1-0: Called Strike 1-1: Called Strike 1-2: SINGLE (Line Drive, 89S, EV 105.0 MPH)
|
|
Batting: RHB Sean Gould
|
0-0: Called Strike 0-1: Ball 1-1: Called Strike Mike Craver steals 2nd base 1-2: Foul Ball, location: 2F 1-2: Ball 2-2: Fly out, F8 (Flyball, 78M, EV 86.2 MPH)
|
|
Batting: RHB Matt Dunn
|
0-0: Ball 1-0: Foul Ball, location: 2F 1-1: Called Strike Mike Craver steals 3rd base 1-2: Strikes out swinging
|
|
Batting: SHB Dan Morataya
|
0-0: Ball 1-0: Ball 2-0: SINGLE (Groundball, 4MD, EV 94.4 MPH) Mike Craver scores
|
|
Batting: RHB Ryan Gautney
|
0-0: Swinging Strike 0-1: Ball 1-1: Ball 2-1: Fly out, F8 (Flyball, 8LD, EV 108.8 MPH)
|
| Bottom of the 1st over - 1 run, 2 hits, 0 errors, 1 left on base; Hickory 0 - Cedar Rapids 1 |
| TOP OF THE 2ND |
|
Hickory Crawdads batting - Pitching for Cedar Rapids Kernels : RHP Bill Rondeau
|
|
Batting: RHB Vinny Luna
|
0-0: Foul Ball, location: 2F 0-1: SINGLE (Groundball, 6MD, EV 107.5 MPH)
|
|
Batting: RHB Chris Powell
|
0-0: Ball 1-0: Ball 2-0: Foul Ball, location: 2F 2-1: Ball 3-1: Called Strike 3-2: Strikes out looking
|
|
Batting: RHB Dave Brabo
|
0-0: Ball 1-0: Foul Ball, location: 2F 1-1: Ball 2-1: Foul Ball, location: 2F 2-2: Foul Ball, location: 2F 2-2: Grounds into double play, 4-6-3 (Groundball, 4, EV 101.2 MPH)
|
| Top of the 2nd over - 0 runs, 1 hit, 0 errors, 0 left on base; Hickory 0 - Cedar Rapids 1 |
| BOTTOM OF THE 2ND |
|
Cedar Rapids Kernels batting - Pitching for Hickory Crawdads : RHP Brian Bailes
|
|
Batting: LHB David Campbell
|
0-0: Called Strike 0-1: Swinging Strike 0-2: Ball 1-2: Ball 2-2: Strikes out swinging
|
|
Batting: LHB Chris Munguia
|
0-0: Ground out 5-3 (Groundball, 56, EV 89.4 MPH)
|
|
Batting: RHB Tony Crespo
|
0-0: Ball 1-0: Ball 2-0: Called Strike 2-1: Foul Ball, location: 2F 2-2: Ball 3-2: Foul Ball, location: 2F 3-2: Foul Ball, location: 2F 3-2: Foul Ball, location: 2F 3-2: Strikes out looking
|
| Bottom of the 2nd over - 0 runs, 0 hits, 0 errors, 0 left on base; Hickory 0 - Cedar Rapids 1 |
| TOP OF THE 3RD |
|
Hickory Crawdads batting - Pitching for Cedar Rapids Kernels : RHP Bill Rondeau
|
|
Batting: RHB Nick Solberg
|
0-0: SINGLE (Groundball, 6MD, EV 105.0 MPH)
|
|
Batting: LHB Sadamu Noguchi
|
0-0: Ball Nick Solberg steals 2nd base 1-0: Ground out 6-3 (Groundball, 6S, EV 70.6 MPH) Nick Solberg to third
|
|
Batting: RHB Theo van Gent
|
0-0: Called Strike 0-1: Swinging Strike 0-2: Ball 1-2: Ball 2-2: Ball 3-2: Foul Ball, location: 2F 3-2: SINGLE (Groundball, 25, EV 75.6 MPH) (infield hit)
|
|
Batting: RHB David Fernandez
|
0-0: Foul Ball, location: 2F 0-1: Foul Ball, location: 2F 0-2: Foul Ball, location: 2F 0-2: Foul Ball, location: 2F 0-2: Ball 1-2: SINGLE (Groundball, 5D, EV 107.5 MPH) Nick Solberg scores Theo van Gent to second
|
|
Batting: RHB George King
|
0-0: Fly out, F6 (Popup, 6S, EV 78.8 MPH)
|
|
Batting: RHB Tim Adams
|
0-0: Ball 1-0: Ball 2-0: Called Strike 2-1: Fly out, F8 (Line Drive, 89S, EV 91.9 MPH)
|
| Top of the 3rd over - 1 run, 3 hits, 0 errors, 2 left on base; Hickory 1 - Cedar Rapids 1 |
| BOTTOM OF THE 3RD |
|
Cedar Rapids Kernels batting - Pitching for Hickory Crawdads : RHP Brian Bailes
|
|
Batting: RHB Nick Phipps
|
0-0: Called Strike 0-1: Ball 1-1: Foul Ball, location: 2F 1-2: Ground out 4-3 (Groundball, 4, EV 105.0 MPH)
|
|
Batting: RHB Mike Craver
|
0-0: Swinging Strike 0-1: Ball 1-1: Ground out 3-1 (Groundball, 3L, EV 97.5 MPH)
|
|
Batting: RHB Sean Gould
|
0-0: Called Strike 0-1: Ball 1-1: Swinging Strike 1-2: Ground out U3 (Groundball, 34D, EV 81.2 MPH)
|
| Bottom of the 3rd over - 0 runs, 0 hits, 0 errors, 0 left on base; Hickory 1 - Cedar Rapids 1 |
| TOP OF THE 4TH |
|
Hickory Crawdads batting - Pitching for Cedar Rapids Kernels : RHP Bill Rondeau
|
|
Batting: RHB Vinny Luna
|
0-0: Ball 1-0: Fly out, F8 (Flyball, 8RD, EV 91.2 MPH)
|
|
Batting: RHB Chris Powell
|
0-0: Ball 1-0: Foul Ball, location: 2F 1-1: Ball 2-1: Called Strike 2-2: Ball 3-2: Ground out 5-3 (Groundball, 56, EV 104.4 MPH)
|
|
Batting: RHB Dave Brabo
|
0-0: Ball 1-0: Foul Ball, location: 2F 1-1: Foul Ball, location: 2F 1-2: Foul Ball, location: 2F 1-2: Ball 2-2: SINGLE (Groundball, 6S, EV 68.1 MPH) (infield hit)
|
|
Batting: RHB Nick Solberg
|
0-0: Called Strike 0-1: SINGLE (Groundball, 6MS, EV 66.2 MPH) (infield hit) Dave Brabo to second
|
|
Batting: LHB Sadamu Noguchi
|
0-0: Foul Ball, location: 2F 0-1: Swinging Strike 0-2: Foul Ball, location: 2F 0-2: Strikes out swinging
|
| Top of the 4th over - 0 runs, 2 hits, 0 errors, 2 left on base; Hickory 1 - Cedar Rapids 1 |
| BOTTOM OF THE 4TH |
|
Cedar Rapids Kernels batting - Pitching for Hickory Crawdads : RHP Brian Bailes
|
|
Batting: RHB Matt Dunn
|
0-0: Called Strike 0-1: Swinging Strike 0-2: Ball 1-2: Strikes out looking
|
|
Batting: SHB Dan Morataya
|
0-0: Ball 1-0: Ball 2-0: Called Strike 2-1: Swinging Strike 2-2: Ball 3-2: SOLO HOME RUN (Flyball, 8RXD, EV 98.8 MPH), Distance : 406 ft
|
|
Batting: RHB Ryan Gautney
|
0-0: Called Strike 0-1: Ground out 5-3 (Groundball, 56S, EV 90.6 MPH)
|
|
Batting: LHB David Campbell
|
0-0: Foul Ball, location: 2F 0-1: Called Strike 0-2: Strikes out looking
|
| Bottom of the 4th over - 1 run, 1 hit, 0 errors, 0 left on base; Hickory 1 - Cedar Rapids 2 |
| TOP OF THE 5TH |
|
Hickory Crawdads batting - Pitching for Cedar Rapids Kernels : RHP Bill Rondeau
|
|
Batting: RHB Theo van Gent
|
0-0: Ball 1-0: Ball 2-0: Foul Ball, location: 2F 2-1: Ball 3-1: Ground out U3 (Groundball, 3, EV 91.9 MPH)
|
|
Batting: RHB David Fernandez
|
0-0: Swinging Strike 0-1: Foul Ball, location: 2F 0-2: Strikes out swinging
|
|
Batting: RHB George King
|
0-0: Fly out, F7 (Flyball, 7D, EV 106.2 MPH)
|
| Top of the 5th over - 0 runs, 0 hits, 0 errors, 0 left on base; Hickory 1 - Cedar Rapids 2 |
| BOTTOM OF THE 5TH |
|
Cedar Rapids Kernels batting - Pitching for Hickory Crawdads : RHP Brian Bailes
|
|
Batting: LHB Chris Munguia
|
0-0: Ball 1-0: SINGLE (Line Drive, 4D, EV 105.6 MPH)
|
|
Batting: RHB Tony Crespo
|
0-0: Called Strike Chris Munguia is caught stealing 2nd base 2-4 0-1: Ground out U3 (Groundball, 3, EV 90.0 MPH)
|
|
Batting: RHB Nick Phipps
|
0-0: Ball 1-0: Called Strike 1-1: Swinging Strike 1-2: SINGLE (Groundball, 6S, EV 66.2 MPH) (infield hit)
|
|
Batting: RHB Mike Craver
|
0-0: Ball Nick Phipps steals 2nd base (no throw) 1-0: Ball 2-0: Foul Ball, location: 2F 2-1: Ball 3-1: Base on Balls
|
|
Batting: RHB Sean Gould
|
0-0: Called Strike 0-1: Foul Ball, location: 2F 0-2: Ground out 4-3 (Groundball, 4S, EV 70.0 MPH)
|
| Bottom of the 5th over - 0 runs, 2 hits, 0 errors, 2 left on base; Hickory 1 - Cedar Rapids 2 |
| TOP OF THE 6TH |
|
Hickory Crawdads batting - Pitching for Cedar Rapids Kernels : RHP Bill Rondeau
|
|
Batting: RHB Tim Adams
|
0-0: Ground out 1-3 (Groundball, 13S, EV 69.4 MPH)
|
|
Batting: RHB Vinny Luna
|
0-0: Foul Ball, location: 2F 0-1: Called Strike 0-2: Strikes out looking
|
|
Batting: RHB Chris Powell
|
0-0: Foul Ball, location: 2F 0-1: Called Strike 0-2: Ball 1-2: Ground out 5-3 (Groundball, 56, EV 101.2 MPH)
|
| Top of the 6th over - 0 runs, 0 hits, 0 errors, 0 left on base; Hickory 1 - Cedar Rapids 2 |
| BOTTOM OF THE 6TH |
|
Cedar Rapids Kernels batting - Pitching for Hickory Crawdads : RHP Brian Bailes
|
|
Batting: RHB Matt Dunn
|
0-0: Called Strike 0-1: Ball 1-1: Ball 2-1: Foul Ball, location: 2F 2-2: Ball 3-2: SINGLE (Groundball, 56, EV 96.2 MPH) (infield hit)
|
|
Batting: SHB Dan Morataya
|
0-0: Fielders Choice at 2nd, 4-6 (Groundball, 4MD, EV 87.5 MPH)
|
|
Batting: RHB Ryan Gautney
|
0-0: Called Strike 0-1: Called Strike 0-2: Foul Ball, location: 2F 0-2: Ball 1-2: Ball 2-2: Foul Ball, location: 2F 2-2: Ball 3-2: Base on Balls Dan Morataya to second
|
|
Batting: LHB David Campbell
|
0-0: Ball 1-0: Ball 2-0: Ball 3-0: Base on Balls Dan Morataya to third Ryan Gautney to second
|
|
Batting: LHB Chris Munguia
|
0-0: Called Strike 0-1: Ball 1-1: Ball 2-1: Swinging Strike 2-2: Ball 3-2: Fly out, F9 (Line Drive, 9S, EV 88.1 MPH)
|
|
Pitching: RHP Dan Landry
|
|
|
Batting: RHB Tony Crespo
|
0-0: SINGLE (Line Drive, 8LS, EV 94.4 MPH) Dan Morataya scores Ryan Gautney to third David Campbell to second
|
|
Batting: RHB Nick Phipps
|
0-0: Swinging Strike 0-1: Ball 1-1: Foul Ball, location: 2F 1-2: Strikes out swinging
|
| Bottom of the 6th over - 1 run, 2 hits, 0 errors, 3 left on base; Hickory 1 - Cedar Rapids 3 |
| TOP OF THE 7TH |
|
Hickory Crawdads batting - Pitching for Cedar Rapids Kernels : RHP Bill Rondeau
|
|
Pitching: RHP Steven Legge
|
|
|
Pinch Hitting: LHB Lee Gerken
|
0-0: Ball 1-0: Ball 2-0: Ball 3-0: Called Strike 3-1: Called Strike 3-2: SINGLE (Groundball, 6MD, EV 106.9 MPH)
|
|
Batting: RHB Nick Solberg
|
0-0: Ball 1-0: Called Strike 1-1: Foul Ball, location: 2F 1-2: Fielders Choice at 2nd, 5-4 (Groundball, 5, EV 95.0 MPH)
|
|
Batting: LHB Sadamu Noguchi
|
0-0: Ball 1-0: Called Strike 1-1: Swinging Strike 1-2: Foul Ball, location: 2F 1-2: Strikes out swinging
|
|
Batting: RHB Theo van Gent
|
0-0: Ball Nick Solberg is caught stealing 2nd base 2-4
|
| Top of the 7th over - 0 runs, 1 hit, 0 errors, 0 left on base; Hickory 1 - Cedar Rapids 3 |
| BOTTOM OF THE 7TH |
|
Cedar Rapids Kernels batting - Pitching for Hickory Crawdads : RHP Dan Landry
|
|
Now at SS: Chance Lamb
|
|
|
Batting: RHB Mike Craver
|
0-0: Swinging Strike 0-1: Called Strike 0-2: Ball 1-2: Ball 2-2: Foul Ball, location: 2F 2-2: Strikes out swinging
|
|
Batting: RHB Sean Gould
|
0-0: Fly out, F7 (Flyball, 7, EV 86.2 MPH)
|
|
Batting: RHB Matt Dunn
|
0-0: SINGLE (Groundball, 6S, EV 69.4 MPH) (infield hit)
|
|
Batting: SHB Dan Morataya
|
0-0: Ball 1-0: Swinging Strike 1-1: Ball 2-1: Ball 3-1: Base on Balls Matt Dunn to second
|
|
Batting: RHB Ryan Gautney
|
0-0: Fly out, F8 (Flyball, 8RXD, EV 96.2 MPH)
|
| Bottom of the 7th over - 0 runs, 1 hit, 0 errors, 2 left on base; Hickory 1 - Cedar Rapids 3 |
| TOP OF THE 8TH |
|
Hickory Crawdads batting - Pitching for Cedar Rapids Kernels : RHP Steven Legge
|
|
Batting: RHB Theo van Gent
|
0-0: Foul Ball, location: 2F 0-1: Ball 1-1: Ball 2-1: Ball 3-1: Swinging Strike 3-2: Strikes out swinging
|
|
Batting: LHB Anselmo Garcia
|
0-0: Called Strike 0-1: Ball 1-1: Called Strike 1-2: Ground out 3-1 (Groundball, 34, EV 101.2 MPH)
|
|
Batting: RHB George King
|
0-0: Ball 1-0: Swinging Strike 1-1: Swinging Strike 1-2: Strikes out swinging
|
| Top of the 8th over - 0 runs, 0 hits, 0 errors, 0 left on base; Hickory 1 - Cedar Rapids 3 |
| BOTTOM OF THE 8TH |
|
Cedar Rapids Kernels batting - Pitching for Hickory Crawdads : RHP Dan Landry
|
|
Batting: LHB David Campbell
|
0-0: Foul Ball, location: 2F 0-1: SINGLE (Line Drive, 4MD, EV 98.8 MPH)
|
|
Batting: LHB Chris Munguia
|
0-0: Ball 1-0: Called Strike 1-1: Called Strike 1-2: Strikes out swinging
|
|
Batting: RHB Tony Crespo
|
0-0: Swinging Strike 0-1: Called Strike 0-2: Ball 1-2: Strikes out looking
|
|
Batting: RHB Nick Phipps
|
0-0: Ball 1-0: Swinging Strike 1-1: Swinging Strike 1-2: Ball 2-2: Ball 3-2: Foul Ball, location: 2F 3-2: 2-RUN HOME RUN (Flyball, 78XD, EV 109.4 MPH), Distance : 403 ft
|
|
Batting: RHB Mike Craver
|
0-0: Ground out 1-3 (Groundball, 15S, EV 75.0 MPH)
|
| Bottom of the 8th over - 2 runs, 2 hits, 0 errors, 0 left on base; Hickory 1 - Cedar Rapids 5 |
| TOP OF THE 9TH |
|
Hickory Crawdads batting - Pitching for Cedar Rapids Kernels : RHP Steven Legge
|
|
Pitching: RHP Ruben Requena
|
|
|
Batting: RHB Tim Adams
|
0-0: Ball 1-0: Fly out, F7 (Flyball, 7LM, EV 83.1 MPH)
|
|
Batting: RHB Vinny Luna
|
0-0: Called Strike 0-1: Foul Ball, location: 2F 0-2: Ball 1-2: Ball 2-2: Ball 3-2: Foul Ball, location: 2F 3-2: Foul Ball, location: 2F 3-2: Foul Ball, location: 2F 3-2: SINGLE (Groundball, 56S, EV 63.8 MPH) (infield hit)
|
|
Batting: RHB Chris Powell
|
0-0: Ball 1-0: Swinging Strike 1-1: Swinging Strike 1-2: Ball 2-2: Strikes out swinging
|
|
Batting: RHB Chance Lamb
|
0-0: Called Strike 0-1: Ball 1-1: Ball 2-1: Ball 3-1: Fielders Choice at 2nd, 5-4 (Groundball, 56, EV 98.8 MPH)
|
| Top of the 9th over - 0 runs, 1 hit, 0 errors, 1 left on base; Hickory 1 - Cedar Rapids 5 |
|